 Dungeon Crawl Stone Soup version 0.27.1-2-g3b301248ec (webtiles) character file.

Game seed: 1640690575743145966

5 H0rd4k the Insei (level 1, 0/13 HPs)
             Began as an Octopode Transmuter on Sept 27, 2021.
             Slain by a bat (1 damage)
             ... on level 1 of the Dungeon.
             The game lasted 00:00:22 (61 turns).

H0rd4k the Insei (Octopode Transmuter)                Turns: 61, Time: 00:00:23

Health: 0/13       AC:  1    Str:  9    XL:     1   Next: 80%
Magic:  3/3        EV: 13    Int: 15    God:
Gold:   15         SH:  0    Dex: 12    Spells: 3/4 levels left

rFire    . . .     SeeInvis .     - Unarmed
rCold    . . .     Faith    .   (no shield)
rNeg     . . .     Spirit   .   (helmet restricted)
rPois    .         Reflect  .   (no amulet)
rElec    .         Harm     .   (no ring)
rCorr    .         Rampage  .   (no ring)
Will     .....                  (no ring)
Stlth    ++........             (no ring)
HPRegen  0.04/turn              (no ring)
MPRegen  0.08/turn              (no ring)
                                (no ring)
                                (no ring)

@: no status effects
A: almost no armour, amphibious, 8 rings, camouflage 1, gelatinous body 1,
(nimble swimmer 1), tentacles
a: no special abilities


You were on level 1 of the Dungeon.
You visited 1 branch of the dungeon, and saw 1 of its levels.

You collected 15 gold pieces.

You aren't carrying anything.


   Skills:
 + Level 1.0 Fighting
 + Level 2.0 Dodging
 + Level 3.2 Unarmed Combat
 + Level 2.0 Spellcasting
 + Level 2.0 Transmutations


You had 3 spell levels left.
You knew the following spells:

 Your Spells              Type           Power      Damage    Failure   Level
a - Beastly Appendage     Tmut           14%        N/A       10%         1

Your spell library contained the following spells:

 Spells                   Type           Power      Damage    Failure   Level
 Wereblood                Tmut           7%         N/A       14%         2
 Spider Form              Tmut/Pois      2%         N/A       41%         3
 Ice Form                 Ice/Tmut       4%         N/A       82%         4


Dungeon Overview and Level Annotations

Branches:
Dungeon (1/15)

Altars:


Innate Abilities, Weirdness & Mutations

You cannot wear most types of armour.
You are amphibious.
You can wear up to eight rings at the same time.
Your skin changes colour to match your surroundings (Stealth+).
Your rubbery body absorbs attacks. (AC +1, EV +1)
((You are camouflaged near water. (Stealth+)))
You have tentacles for arms and can constrict up to eight enemies at once.


Message History

Your grab misses the hobgoblin. You squeeze the hobgoblin.
The hobgoblin is almost dead.
The bat completely misses you. The hobgoblin barely misses you.
You completely miss the hobgoblin. You grab the hobgoblin.
The hobgoblin is almost dead.
You constrict the hobgoblin, but do no damage.
The bat hits you but does no damage. The hobgoblin closely misses you.
You tentacle-slap the hobgoblin.
You kill the hobgoblin!
The bat misses you. The bat hits you but does no damage.
You see here a hobgoblin corpse.
You closely miss the bat. Your grab misses the bat. The bat closely misses you.
You barely miss the bat. Your grab misses the bat.
The bat hits you but does no damage. The bat hits you.
* * * LOW HITPOINT WARNING * * *
You tentacle-slap the bat but do no damage.
Your grab misses the bat. The bat closely misses you. The bat misses you.
You barely miss the bat. Your grab misses the bat. The bat hits you.
* * * LOW HITPOINT WARNING * * *
You closely miss the bat. Your grab misses the bat.
Your squeeze misses the bat. The bat closely misses you. The bat hits you.
* * * LOW HITPOINT WARNING * * *
You completely miss the bat. Your grab misses the bat.
You squeeze the bat, but do no damage. The bat barely misses you.
The bat hits you.
* * * LOW HITPOINT WARNING * * *
You tentacle-slap the bat. Your grab misses the bat.
The bat is moderately wounded.
The bat barely misses you.
You tentacle-slap the bat but do no damage.
Your grab misses the bat. The bat hits you but does no damage.
The bat misses you. The bat barely misses you.
You tentacle-slap the bat but do no damage.
Your grab misses the bat. Your squeeze misses the bat.
The bat closely misses you. The bat hits you.
You die...

..# #... ..#. ...#
#.. .... #...# #..
...#. ..... #..
8.... #....#.#
.....# #..#.######
#.....#
#........##.......
#..@b....††.....#
##.......#..##.[#
# #..........# #.
#....###...#
...##....[#....#
#................
#.#......#..#.##..
#.#.........#### #
#.##...#...#


You could see a bat.

Vanquished Creatures
  2 hobgoblins (D:1)
  A quokka (D:1)
  2 rats (D:1)
5 creatures vanquished.

Notes
Turn   | Place    | Note
-------+----------+-------------------------------------------
     0 | D:1      | H0rd4k the Octopode Transmuter began the quest for the Orb.
     0 | D:1      | Reached XP level 1. HP: 13/13 MP: 3/3
    61 | D:1      | Slain by a bat

Illustrated notes

Levels and vault maps discovered:
D:1:      amcnicky_arrival_underground_garden, layout_rooms,
          dreamdust_ecumenical_altar_statues, nrook_campfire

Action                   || total
-------------------------++-------
Melee: Unarmed           ||    23
       Constrict         ||     4
       Tentacles         ||     3
Armor: Skin              ||     4
Dodge: Dodged            ||    24
